 Dungeon Crawl Stone Soup version 0.31-a0-614-gc85dc1c48c (webtiles) character file.

Game seed: 13675421220116611327

65 AdnanSaban the Covered (level 4, -9/29 HPs)
             Began as a Gargoyle Fighter on Aug 22, 2023.
             Killed by divine providence
             ... invoked by an orc priest
              (16 damage)
             ... on level 3 of the Dungeon.
             The game lasted 00:01:04 (1166 turns).

AdnanSaban the Covered (Gargoyle Fighter)           Turns: 1166, Time: 00:01:05

Health: -9/29      AC: 10    Str: 22    XL:     4   Next: 14%
Magic:  4/4        EV:  9    Int:  8    God:
Gold:   137        SH:  4    Dex:  9    Spells: 3/3 levels left

rFire   . . .        f - +2 whip (elec)
rCold   . . .        c - +0 buckler
rNeg    + . .        b - +0 scale mail
rPois   ∞            (no helmet)
rElec   +            (no cloak)
rCorr   .            (no gloves)
SInv    .            (no boots)
Will    .....        (no amulet) Stlth
                     (no ring)
HPRegen 0.24/turn    (no ring)
MPRegen 0.09/turn

%: no passive effects
@: no status effects
A: sickness immunity, AC +3, negative energy resistance 1, electricity
resistance, torment resistance 1, petrification resistance
a: no special abilities


You were on level 3 of the Dungeon.
You visited 1 branch of the dungeon, and saw 3 of its levels.

You collected 137 gold pieces.

Inventory:

Hand Weapons
 f - a +2 whip of electrocution (weapon)
Missiles
 a - 3 poisoned darts
Armour
 b - a +0 scale mail (worn)
 c - a +0 buckler (worn)
Scrolls
 e - 3 scrolls of identify {unknown}
 h - a scroll of teleportation {unknown}
 k - a scroll of blinking {unknown}
Potions
 d - a potion of might
 g - a potion of enlightenment {unknown}
 i - a potion of haste {unknown}
 j - a potion of magic {unknown}


   Skills:
 + Level 4.0 Fighting
 + Level 2.4 Maces & Flails
 + Level 4.0 Armour
 + Level 3.9 Shields


You had 3 spell levels left.
You didn't know any spells.
Your spell library was empty.

Dungeon Overview and Level Annotations

Branches:
Dungeon (3/15)

Altars:
Okawaru

Shops:
D:1 !


Innate Abilities, Weirdness & Mutations

You are immune to sickness and miasma.
Your stone body is resilient. (AC +3)
You are immune to poison.
You resist negative energy. (rN+)
You are resistant to electric shocks. (rElec)
You are resistant to unholy torment.
You are immune to petrification.


Message History

The orc priest miscasts a cantrip.
The orc attacks as it pursues you! The orc hits you with a +0 club.
The orc throws a boomerang.
The boomerang closely misses you. The orc attacks as it pursues you!
The orc hits you but does no damage. The orc attacks as it pursues you!
The orc hits you but does no damage.
The orc priest looks satisfied for a moment.
The orc attacks as it pursues you! The orc hits you but does no damage.
The orc attacks as it pursues you! The orc hits you but does no damage.
An adder comes into view.
The adder hisses angrily.
There is a stone staircase leading down here.
The orc priest looks satisfied for a moment.
You climb downwards.
Found 17 gold pieces.
There is a stone staircase leading up here.
No target in view!
You climb upwards.
The orc hits you with a +0 war axe. The orc hits you but does no damage.
The orc hits you with a +0 war axe. The orc barely misses you.
There is a stone staircase leading down here.
The orc priest mumbles some strange prayers to Beogh against you.
Beogh smites you!
* * * LOW HITPOINT WARNING * * *
The orc hits you but does no damage. x2
You climb downwards.
There is a stone staircase leading up here.
You hit the orc.
The orc is almost dead.
The orc barely misses you.
You hit the orc. Lightning courses through the orc!
You kill the orc!
Your Fighting skill increases to level 4!
You barely miss the orc priest.
The orc priest hits you but does no damage.
You block the orc priest's attack.
You closely miss the orc priest.
The orc priest invokes the aid of Beogh against you.
Beogh smites you!
Ouch! That really hurt!
You die... ####### #..oo@# ###$### .. ##

You could see an orc priest and an orc.

Vanquished Creatures
  Jessica (D:2)
  A gnoll (D:1)
  An orc (D:3)
  2 endoplasms
  2 giant cockroaches
  4 hobgoblins
  6 kobolds
  A quokka (D:1)
  4 ball pythons
  2 bats (D:1)
  2 frilled lizards (D:2)
  3 rats
29 creatures vanquished.

Notes
Turn   | Place    | Note
-------+----------+-------------------------------------------
     0 | D:1      | AdnanSaban the Gargoyle Fighter began the quest for the
                  | Orb.
     0 | D:1      | Reached XP level 1. HP: 14/14 MP: 1/1
    29 | D:1      | Found Dyawoi's Distillery.
   290 | D:1      | Reached XP level 2. HP: 19/19 MP: 2/2
   502 | D:1      | Reached XP level 3. HP: 24/24 MP: 3/3
   647 | D:1      | Found an iron altar of Okawaru.
   866 | D:2      | Noticed Jessica
   873 | D:2      | Killed Jessica
   874 | D:2      | Reached XP level 4. HP: 18/29 MP: 4/4
  1166 | D:3      | Killed from afar by an orc priest

Illustrated notes

Levels and vault maps discovered:
D:1:      dpeg_arrival_water_altar, layout_basic, serial_shops,
          nicolae_shop_behind_doors
D:2:      cheibrodos_pilgrimage, layout_basic, kennysheep_generic_room_10,
          uniq_crazy_yiuf_cottage, uniq_jessica
D:3:      layout_basic, uniq_sigmund

Skill      XL: |  1  2  3  4 |
---------------+-------------+-----
Armour         | 4 |  4.0
Fighting       | 4 |  4.0
Maces & Flails | |  2.4
Shields        | |  3.9

Action                     |  1- 3 |  4- 6 || total
---------------------------+-------+-------++-------
  Melee: Whip              |    53 |    21 ||    74
         Flail             |     6 |       ||     6
 Armour: Scale mail        |    17 |    13 ||    30
  Dodge: Dodged            |    28 |     4 ||    32
  Block: Buckler           |    13 |     6 ||    19

Table legend: (Time is in decaauts)
 A = Elapsed time spent in this place.
 B = Non-inter-level travel time spent in this place.
 C = Inter-level travel time spent in this place.
 D = Time resting spent in this place.
 E = Time spent auto-exploring this place.
 F = Levels seen in this place.
 G = Mean time per level.
                   A        B        C        D        E       F      G
               +--------+--------+--------+--------+--------+-----+--------+
         Total |   1172 |   1155 |     17 |      0 |    954 |   3 |  390.7 |
       Dungeon |   1172 |   1155 |     17 |      0 |    954 |   3 |  390.7 |
               +--------+--------+--------+--------+--------+-----+--------+

Top non-repeatable levels by time:
     D:1: 683 daAuts
     D:2: 482 daAuts
     D:3: 6 daAuts
